 Dungeon Crawl Stone Soup version 0.30.1-3-gfc49f6343a (webtiles) character file.

Game seed: 6091522571728750873

18 Atelerd the Digger (level 2, -2/17 HPs)
             Began as an Octopode Earth Elementalist on July 25, 2023.
             Slain by a hobgoblin (5 damage)
             ... led by Robin
             ... on level 2 of the Dungeon.
             The game lasted 00:00:58 (931 turns).

Atelerd the Digger (Octopode Earth Elementalist)     Turns: 931, Time: 00:00:59

Health: -2/17      AC:  1    Str:  4 (7)  XL:     2   Next: 66%
Magic:  4/5        EV: 13    Int: 14 (17) God:
Gold:   60         SH:  0    Dex: 11 (12) Spells: 4/5 levels left

rFire   . . .        (no weapon)
rCold   . . .        (no shield)
rNeg    . . .        (helmet restricted)
rPois   .            (no amulet)
rElec   .            (no ring)
rCorr   .            (no ring)
SInv    .            (no ring)
Will    .....        (no ring)
Stlth   +++          (no ring)
HPRegen 0.22/turn    (no ring)
MPRegen 0.09/turn    (no ring)
                     (no ring)

%: no passive effects
@: attractive
A: almost no armour, amphibious, 8 rings, camouflage 1, gelatinous body 1,
(nimble swimmer 1), tentacles
a: no special abilities


You were on level 2 of the Dungeon.
You visited 1 branch of the dungeon, and saw 2 of its levels.

You collected 60 gold pieces.

Inventory:

Potions
 a - a potion of magic
 c - a potion of degeneration
 e - a potion of heal wounds {unknown}
 j - a potion of curing {unknown}


   Skills:
 + Level 2.3 Dodging
 + Level 3.0 Stealth
 + Level 2.0 Spellcasting
 + Level 1.0 Transmutations
 + Level 3.5 Earth Magic


You had 4 spell levels left.
You knew the following spells:

 Your Spells              Type           Power      Damage    Failure   Level
a - Sandblast             Erth           22%        2d7       5%          1

Your spell library contained the following spells:

 Spells                   Type           Power      Damage    Failure   Level
 Passwall                 Tmut/Erth      5%         N/A       14%         2
 Stone Arrow              Conj/Erth      12%        3d7       34%         3
 Petrify                  Tmut/Erth      7%         N/A       67%         4


Dungeon Overview and Level Annotations

Branches:
Dungeon (2/15)

Altars:

Annotations:
D:2 Robin


Innate Abilities, Weirdness & Mutations

You cannot wear most types of armour.
You are amphibious.
You can wear up to eight rings at the same time.
Your skin changes colour to match your surroundings (Stealth+).
Your rubbery body absorbs attacks. (AC +1, EV +1)
((You are camouflaged when in or above water. (Stealth+)))
You have tentacles for arms and can constrict up to eight enemies at once.


Message History

As you read the scroll labelled NEDDUU OMAXIAJ, it crumbles to dust.
It is a scroll of amnesia.
Really abort (and waste the scroll)?
Okay, then.
The goblin misses you.
As you read the scroll labelled DETABUSTRU SEIHA, it crumbles to dust.
You feel aware of your surroundings.
It was a scroll of magic mapping.
The goblin hits you with a +0 club. The goblin barely misses you.
The air fills with toxic fumes!
As you read the scroll labelled VOOBRILUZO, it crumbles to dust.
It was a scroll of poison.
The goblin closely misses you.
Okay, then.
The blast of sand hits the goblin.
You kill the goblin!
The goblin hits you with a +0 club.
Your magical contamination has completely faded away.
As you read the scroll labelled OGOTWAL PODEN, it crumbles to dust.
You feel strangely unstable.
It was a scroll of teleportation.
The rat bites you.
You closely miss the goblin. Your grab misses the goblin.
You squeeze the goblin.
You kill the goblin!
The rat bites you. The goblin misses you. The hobgoblin hits you.
Your Stealth skill increases to level 3!
Your surroundings suddenly seem different. 3 goblins and 2 hobgoblins come into view.
The hobgoblin barely misses you. The hobgoblin attacks as you move away!
The hobgoblin hits you.
* * * LOW HITPOINT WARNING * * *
You aren't carrying any scrolls.
Unknown command.
It was a potion of degeneration.
There was something very wrong with that liquid.
You feel weakened.
You feel dopey.
You feel clumsy.
The hobgoblin shouts!
The goblin shouts!
The hobgoblin misses you. The hobgoblin barely misses you.
It was a potion of attraction.
You feel attractive to monsters. The hobgoblin misses you.
The hobgoblin hits you.
You die...

**#....#*,.#######.....
#)...##..............
#.......########.....
#...$#....,..# #.##..
###>...#..####.# #.##..
#..!.......#...###.##..
#..!...............##..
######g...g.......#.#.######
#...§§gg.gg@.....##.#..#**
#..§§§.§g........##.##...**
#§§§r§...........##.#*##..**
#rgg§.....######.##.# *#.#*
#§g§g§....# #.##.# *..#
#§g§§§....# #.##.# **..
#...§§....# #.#*,* ***
########### *.#*,* * *,**,*
*


You could see 3 hobgoblins, 5 goblins and a rat.

Vanquished Creatures
  2 ball pythons (D:1)
  3 bats
  An endoplasm (D:2)
  2 goblins (D:2)
  3 hobgoblins (D:1)
  A kobold (D:1)
  A quokka (D:1)
  A frilled lizard (D:1)
  A rat (D:1)
15 creatures vanquished.

Notes
Turn   | Place    | Note
-------+----------+-------------------------------------------
     0 | D:1      | Atelerd the Octopode Earth Elementalist began the quest for
                  | the Orb.
     0 | D:1      | Reached XP level 1. HP: 11/11 MP: 3/3
    64 | D:1      | Reached XP level 2. HP: 13/17 MP: 0/5
   911 | D:2      | Noticed Robin
   931 | D:2      | Slain by a hobgoblin

Illustrated notes

Levels and vault maps discovered:
D:1:      lightli_arrival_quake, layout_basic, minmay_stone_trees_large
D:2:      cheibrodos_fertilizer, layout_basic, minmay_misc_feat_chi, uniq_robin,
          uniq_terence

Skill      XL: |  1  2 |
---------------+-------+-----
Stealth        | 3 |  3.0
Dodging        | |  2.3
Spellcasting   | |  2.0
Transmutations | |  1.0
Earth Magic    | |  3.5

Action                     || total
---------------------------++-------
  Melee: Unarmed           ||    11
         Tentacles         ||     5
         Constrict         ||     2
   Cast: Sandblast         ||    16
    Use: Scroll            ||     5
         Potion            ||     2
 Armour: Skin              ||     1
  Dodge: Dodged            ||    20
